 Dungeon Crawl Stone Soup version 0.19-a0-1899-g2d93087 (webtiles) character file.

1276 MrRokkomies the Gusty (level 8, 0/57 HPs)
             Began as a Demigod Air Elementalist on Oct 20, 2016.
             Slain by an orc warrior
             ... wielding a +0 trident
              (21 damage)
             ... on level 7 of the Dungeon.
             The game lasted 00:20:57 (6666 turns).

MrRokkomies the Gusty (Demigod Air Elementalist)    Turns: 6666, Time: 00:20:58

Health: 0/57       AC:  8    Str: 13    XL:     8   Next: 7%
Magic:  7/13       EV: 11    Int: 23    God:
Gold:   401        SH:  0    Dex: 16    Spells: 4 memorised, 2 levels left

rFire  . . .     SeeInvis .     H - +4 arc blade {discharge, rElec}
rCold  + . .     Gourm    .     l - +0 ring mail
rNeg   . . .     Faith    .     (no shield)
rPois  .         Spirit   .     p - +1 helmet
rElec  +         Reflect  .     (no cloak)
rCorr  .         Harm     .     s - +0 pair of gloves
MR     .....                    (no boots)
Stlth  +.........               (no amulet)
                                u - ring of protection from cold
                                h - +2 ring of strength

@: very slightly contaminated
A: high mp 1
a: no special abilities


You were on level 7 of the Dungeon.
You were not hungry.

You visited 1 branch of the dungeon, and saw 7 of its levels.
You also visited: Sewer.

You collected 401 gold pieces.

Inventory:

Hand Weapons
 a - a +1 dagger of venom
 x - the +8 arbalest of Proximity {venom, +Blink Str+4}
   (You found it on level 4 of the Dungeon)

   It poisons the ammo it fires.
   It affects your strength (+4).
   It lets you blink.
 H - the +4 arc blade (weapon) {discharge, rElec}
   (You found it in a sewer)

   It insulates you from electricity.
Missiles
 t - 23 bolts
Armour
 l - a +0 ring mail (worn)
 p - a +1 helmet (worn)
 s - a +0 pair of gloves (worn)
 G - the +1 pair of boots of Dishonesty {rF+ MR+, unknown}
   (You found it in a sewer)

   It protects you from fire.
   It affects your resistance to hostile enchantments.
 P - the cursed +0 large shield of the Shore {rF- Regen+ MP+9, unknown}
   (You found it on level 6 of the Dungeon)

   It makes you vulnerable to fire.
   It affects your magic capacity (+9).
   It increases your rate of regeneration.
   It has a curse placed upon it.
Magical Staves
 b - an uncursed staff of air
Jewellery
 h - a +2 ring of strength (left hand)
 u - a ring of protection from cold (right hand)
Wands
 y - a wand of lightning (5/15)
 A - a wand of lightning (12/15)
 E - a wand of flame (29/48)
 K - a wand of acid (5/15)
Scrolls
 d - 9 scrolls of teleportation
 v - 2 scrolls of enchant armour
 w - a scroll of blinking
 z - a scroll of amnesia
 F - 2 scrolls of remove curse
 M - 2 scrolls of magic mapping
Potions
 e - 3 potions of curing
 g - a potion of agility
 j - 2 potions of ambrosia
 m - 4 potions of mutation
 o - a potion of brilliance
 q - 5 potions of flight
 C - a potion of cure mutation {unknown}
 D - a potion of invisibility {unknown}
 I - a potion of heal wounds {unknown}
 J - a potion of might
 N - 2 potions of haste {unknown}
Books
 f - a book of Air

   Spells                             Type                      Level
   a - Shock                          Conjuration/Air              1
   b - Swiftness                      Charms/Air                   2
   c - Repel Missiles                 Charms/Air                   2
   d - Static Discharge               Conjuration/Air              3
   e - Lightning Bolt                 Conjuration/Air              5
 L - a book of Callings

   Spells                             Type                      Level
   a - Summon Small Mammal            Summoning                    1
   b - Call Imp                       Summoning                    2
   c - Call Canine Familiar           Summoning                    3
   d - Summon Guardian Golem          Hexes/Summoning              3
   e - Summon Lightning Spire         Summoning/Air                4
   f - Summon Ice Beast               Ice/Summoning                4
Comestibles
 c - 6 bread rations
 i - 3 meat rations
 k - 4 fruits
 r - 2 beef jerkies
 B - a slice of pizza


   Skills:
 * Level 3.8 Short Blades
 - Level 1.7 Dodging
 - Level 1.7 Stealth
 - Level 1.7 Spellcasting
 - Level 5.1 Conjurations
 * Level 3.6 Summonings
 - Level 5.7 Air Magic


You had 2 spell levels left.
You knew the following spells:

 Your Spells              Type           Power        Failure   Level  Hunger
a - Shock                 Conj/Air       ####         3%          1    #......
b - Repel Missiles        Chrm/Air       ###...       17%         2    ##.....
c - Swiftness             Chrm/Air       ###.....     17%         2    ##.....
d - Call Canine Familiar  Summ           ###.....     21%         3    ###....


Dungeon Overview and Level Annotations

Branches:
Dungeon (7/15)             Temple (0/1) D:4

Shops:
D:4 *

Annotations:
D:5 Blork the orc


Innate Abilities, Weirdness & Mutations

You have an increased reservoir of magic. (+10% MP)


Message History

Casting: Call Canine Familiar
Confirm with . or Enter, or press ? or * to list all spells.
The orc warrior completely misses you.
Your hound barely misses the orc warrior.
The orc warrior closely misses you.
Your hound bites the orc warrior but does no damage.
Your hound closely misses the orc warrior.
Casting: Call Canine Familiar
Confirm with . or Enter, or press ? or * to list all spells.
Aiming: Shock
Press: ? - help, Shift-Dir - straight line
Okay, then.
Unknown command.
Your hound bites the orc warrior but does no damage.
The orc warrior hits you with a trident!!
* * * LOW HITPOINT WARNING * * *
You feel better.
Your hound bites the orc warrior but does no damage.
The orc warrior hits you with a trident!!
You die...

.... ... ..
#. #.######
#$.....#
#......#
#......#
#..o@..#
#..h...#
#......#
####.[[...#
#........##
#........#
#........+
#...<....#
#.........<..


You could see an orc warrior and a friendly hound.

Vanquished Creatures
  An ice beast (D:5)
  A sky beast (D:6)
  A black bear (D:6)
  An ogre (D:6)
  2 crimson imps
  3 orc priests
  3 hounds
  A centaur skeleton (D:6)
  5 orc wizards
  2 worker ants
  A siren (Sewer)
  A merfolk avatar (Sewer)
  A killer bee zombie (D:6)
  3 hound skeletons
  A worker ant zombie (D:6)
  Robin (D:4)
  4 gnolls (D:6)
  10 adders
  2 worms
  A dart slug (D:4)
  4 leopard geckos
  22 orcs
  4 ball pythons
  15 giant cockroaches
  13 goblins
  12 hobgoblins
  19 jackals
  A quokka (D:4)
  10 bats
  8 frilled lizards
  9 kobolds
  A quokka zombie (D:6)
  31 rats
194 creatures vanquished.

Notes
Turn   | Place    | Note
-------+----------+-------------------------------------------
     0 | D:1      | MrRokkomies the Demigod Air Elementalist began the quest for the Orb.
     0 | D:1      | Reached XP level 1. HP: 14/14 MP: 5/5
    25 | D:1      | Reached skill level 1 in Conjurations
   225 | D:1      | Reached XP level 2. HP: 8/20 MP: 0/7
   689 | D:1      | You fall through a shaft!
  1234 | D:2      | Reached XP level 3. HP: 5/26 MP: 1/8
  1508 | D:2      | Learned a level 2 spell: Repel Missiles
  1511 | D:2      | Learned a level 2 spell: Swiftness
  2169 | D:3      | Reached XP level 4. HP: 26/33 MP: 5/9
  2365 | D:3      | Reached XP level 5. HP: 35/38 MP: 4/10
  3029 | D:4      | Found Gero's General Store.
  3031 | D:4      | Got a jewelled arbalest
  3032 | D:4      | Identified the +8 arbalest of Proximity {venom, +Blink Str+4} (You found it on level 4 of the Dungeon)
  3169 | D:4      | Found a staircase to the Ecumenical Temple.
  3195 | D:4      | Noticed Robin
  3217 | D:4      | Killed Robin
  3663 | D:5      | Entered Level 5 of the Dungeon
  3671 | D:5      | Noticed an ice beast
  3675 | D:5      | Reached XP level 6. HP: 45/45 MP: 8/11
  3697 | D:5      | Reached skill level 5 in Air Magic
  3770 | D:5      | Found a glowing drain.
  3814 | Sewer    | Entered a sewer
  4483 | Sewer    | Got a pair of distressingly furry boots
  4548 | D:5      | Found a radiant altar of Vehumet.
  4554 | D:5      | Reached skill level 5 in Conjurations
  4554 | D:5      | Reached XP level 7. HP: 49/50 MP: 12/12
  4581 | D:5      | Reached skill level 1 in Short Blades
  4828 | D:5      | Learned a level 3 spell: Call Canine Familiar
  4843 | D:5      | Found a stormy altar of Qazlal.
  4849 | D:5      | Noticed Blork the orc
  5006 | D:5      | Found a shimmering altar of Xom.
  5008 | D:5      | Found a hide-covered altar of Uskayaw.
  5008 | D:5      | Found an ancient bone altar of Kikubaaqudgha.
  5010 | D:5      | Found an opulent altar of Gozag.
  5010 | D:5      | Found a shadowy altar of Dithmenos.
  5010 | D:5      | Found an opulent altar of Gozag.
  5238 | D:6      | Reached skill level 1 in Summonings
  5321 | D:6      | Got a crude large shield
  6074 | D:6      | Found a basalt altar of Yredelemnul.
  6122 | D:6      | Found a snail-covered altar of Cheibriados.
  6398 | D:7      | Reached XP level 8. HP: 57/57 MP: 13/13
  6666 | D:7      | Slain by an orc warrior

Vault maps used:
D:1:      saegor_arrival_simple_d
D:3:      minmay_roachtagon
D:4:      serial_shops, shop, uniq_robin
D:5:      nicolae_overflow_hidden_temple, doesnt_xom_only_xom,
          portal_sewer_entry_a, first_bread, vehumet_altar_wand_db,
          uniq_blork_the_orc
D:6:      minitemple
D:7:      uniq_prince_ribbit1
Sewer:    sewer_sea

Skill      XL: |  1  2  3  4  5  6  7 |
---------------+----------------------+-----
Conjurations   | 1 2 3 4 5 |  5.1
Air Magic      | 3 4 5 |  5.7
Short Blades   | 3 |  3.8
Summonings     | 3 |  3.6
Dodging        | |  1.7
Stealth        | |  1.7
Spellcasting   | |  1.7

Action                   |  1- 3 |  4- 6 |  7- 9 || total
-------------------------+-------+-------+-------++-------
Melee: Unarmed           |    38 |       |       ||    38
       Short sword       |    93 |    16 |       ||   109
       Dagger            |       |   276 |       ||   276
       Staff             |       |     1 |       ||     1
       Rapier            |       |     2 |    94 ||    96
 Cast: Shock             |    35 |    45 |     2 ||    82
       Repel Missiles    |       |     1 |     2 ||     3
       Swiftness         |       |     1 |       ||     1
       Call Canine Famil |       |       |     1 ||     1
  Use: Scroll            |     7 |     8 |     2 ||    17
       Potion            |       |       |     1 ||     1
 Stab: Distracted        |     1 |       |       ||     1
       Sleeping          |     2 |     1 |     1 ||     4
  Eat: Chunk             |     4 |     9 |     6 ||    19
       Royal jelly       |       |       |     1 ||     1
Armor: Robe              |    32 |       |       ||    32
       Ring mail         |    22 |   161 |    47 ||   230
Dodge: Dodged            |   122 |   227 |    59 ||   408
       Deflected         |       |       |     5 ||     5
